 Dungeon Crawl Stone Soup version 0.17.0-73-gb648821 (webtiles) character file.

71057 Badjas the Eclecticist (level 14, -3/96 HPs)
             Began as a Felid Air Elementalist on Nov 29, 2015.
             Was an Elder of Ashenzari.
             Slain by a manticore (7 damage)
             ... on level 1 of the Shoals on Dec 10, 2015.
             The game lasted 08:01:17 (70371 turns).

Badjas the Eclecticist (Felid Air Elementalist)    Turns: 70371, Time: 08:01:17

Health: -3/96      AC: 32    Str:  4    XL:     14   Next: 96%
Magic:  17/34      EV:  4    Int: 20    God:    Ashenzari [****..]
Gold:   1753       SH:  0    Dex: 18    Spells: 11 memorised, 11 levels left
                                        Lives:  0   Deaths: 4

rFire  . . .     SeeInvis +     (weapon unavailable)
rCold  . . .     Clarity  +     (armour unavailable)
rNeg   + + +     SustAt   .     (shield unavailable)
rPois  +         Gourm    .     (helmet unavailable)
rElec  .         Spirit   .     (cloak unavailable)
rCorr  .         Warding  .     (gloves unavailable)
rMut   .         NoTele   +     (boots unavailable)
MR     +++..                    M - amulet of regeneration (curse)
Stlth  ++++......               S - ring of protection from magic (curse)
                                X - +5 ring of protection (curse)

@: tree-form, extremely resistant to hostile enchantments, stealthy
A: no armour, no weapons or thrown items, (claws 0), (fangs 0), see invisible,
carnivore 3, (fire resistance 0), (speed 0), mutation resistance 1, (shaggy fur
0), slow metabolism 1, (sharp paws)
a: Scrying, Renounce Religion


You were on level 1 of the Shoals.
You worshipped Ashenzari.
Ashenzari was greatly pleased with you.
You were very full.
You were a tree.
You visited 6 branches of the dungeon, and saw 30 of its levels.
You also visited: Volcano.

You collected 2750 gold pieces.
You spent 997 gold pieces at shops.

Inventory:

Jewellery
 k - an uncursed amulet of resist mutation
 s - an uncursed amulet of resist corrosion
 H - the ring of Morality {rC+ Str+10 Int-5 Stlth-}
   (You took it off a centaur on level 14 of the Dungeon)

   [ring of protection from cold]

   It affects your strength (+10).
   It affects your intelligence (-5).
   It protects you from cold.
   It makes you less stealthy.
 M - a cursed amulet of regeneration (around neck)
 P - an uncursed amulet of stasis
 S - a cursed ring of protection from magic (right branch)
 X - a cursed +5 ring of protection (left branch)
Wands
 f - a wand of teleportation (4)
 p - a wand of hasting (1)
 r - a wand of lightning (5)
 y - a wand of fireball (4)
 E - a wand of digging (9)
 F - a wand of fireball (9)
 O - a wand of fireball (11)
 V - a wand of fire (5)
Scrolls
 c - 6 scrolls of teleportation
 e - 10 scrolls of remove curse
 l - 2 scrolls of recharging
 m - a scroll of curse jewellery
 n - 4 scrolls of immolation
 q - 2 scrolls of fear
 v - a scroll of summoning
 C - 8 scrolls of identify
 K - a scroll of blinking
 N - 4 scrolls of amnesia
 R - 2 scrolls of vulnerability
 T - 4 scrolls of fog
Potions
 g - 5 potions of might
 h - 2 potions of lignification
 i - 6 potions of brilliance
 j - 2 potions of flight
 z - 3 potions of cure mutation
 A - 2 potions of haste
 J - 4 potions of berserk rage
 L - 3 potions of agility
 U - a potion of magic
 Z - 2 potions of invisibility
Books
 a - a book of Air

   Spells                             Type                      Level
   a - Shock                          Conjuration/Air              1
   b - Swiftness                      Charms/Air                   2
   c - Repel Missiles                 Charms/Air                   2
   d - Static Discharge               Conjuration/Air              3
   e - Lightning Bolt                 Conjuration/Air              5
 o - a book of the Sky

   Spells                             Type                      Level
   a - Summon Lightning Spire         Summoning/Air                4
   b - Airstrike                      Air                          4
   c - Silence                        Hexes/Air                    5
   d - Deflect Missiles               Charms/Air                   6
   e - Conjure Ball Lightning         Conjuration/Air              6
   f - Tornado                        Air                          9
 t - a book of Envenomations

   Spells                             Type                      Level
   a - Spider Form                    Transmutation/Poison         3
   b - Alistair's Intoxication        Transmutation/Poison         4
   c - Olgreb's Toxic Radiance        Poison                       4
   d - Poisonous Cloud                Conjuration/Poison/Air       6
 u - a Young Poisoner's Handbook

   Spells                             Type                      Level
   a - Sting                          Conjuration/Poison           1
   b - Cure Poison                    Poison                       2
   c - Mephitic Cloud                 Conjuration/Poison/Air       3
   d - Olgreb's Toxic Radiance        Poison                       4
   e - Venom Bolt                     Conjuration/Poison           5
 w - a book of Maledictions

   Spells                             Type                      Level
   a - Corona                         Hexes                        1
   b - Ensorcelled Hibernation        Hexes/Ice                    2
   c - Confuse                        Hexes                        3
   d - Tukima's Dance                 Hexes                        3
   e - Dazzling Spray                 Conjuration/Hexes            3
 D - a book of Beasts

   Spells                             Type                      Level
   a - Summon Butterflies             Summoning                    1
   b - Call Canine Familiar           Summoning                    3
   c - Summon Ice Beast               Ice/Summoning                4
   d - Summon Mana Viper              Hexes/Summoning              5
   e - Summon Hydra                   Summoning                    7
 I - a book of Frost

   Spells                             Type                      Level
   a - Freeze                         Ice                          1
   b - Throw Frost                    Conjuration/Ice              2
   c - Ozocubu's Armour               Charms/Ice                   3
   d - Throw Icicle                   Conjuration/Ice              4
   e - Summon Ice Beast               Ice/Summoning                4
   f - Condensation Shield            Ice                          4
 Y - a book of Clouds

   Spells                             Type                      Level
   a - Mephitic Cloud                 Conjuration/Poison/Air       3
   b - Conjure Flame                  Conjuration/Fire             3
   c - Poisonous Cloud                Conjuration/Poison/Air       6
   d - Freezing Cloud                 Conjuration/Ice/Air          6
   e - Ring of Flames                 Charms/Fire                  7
Miscellaneous
 x - a disc of storms
 B - a plain deck of summoning
 Q - a lantern of shadows
 W - a phial of floods
Comestibles
 b - 10 meat rations
 d - 5 beef jerkies
 G - 4 slices of pizza


   Skills:
 * Level 9.2 Fighting
 - Level 4.3 Dodging
 - Level 4.6 Stealth
 - Level 0.4 Unarmed Combat
 + Level 15.9 Spellcasting
 + Level 13.2(16.3) Conjurations
 + Level 7.3(10.8) Hexes
 * Level 3.9(7.1) Charms
 + Level 0.6(2.2) Summonings
 - Level 7.2(10.7) Ice Magic
 + Level 12.0(15.1) Air Magic
 + Level 2.2(4.9) Poison Magic
 + Level 3.2(6.3) Evocations


You had 11 spell levels left.
You knew the following spells:

 Your Spells              Type           Power        Failure   Level  Hunger
a - Shock                 Conj/Air       ####         0%          1    None
b - Static Discharge      Conj/Air       ######..     1%          3    None
c - Repel Missiles        Chrm/Air       ######       1%          2    None
d - Lightning Bolt        Conj/Air       ######....   1%          5    ###....
e - Swiftness             Chrm/Air       ######..     1%          2    None
f - Dazzling Spray        Conj/Hex       ######..     1%          3    None
g - Confuse               Hex            ######..     1%          3    None
h - Mephitic Cloud        Conj/Pois/Air  ######..     1%          3    None
i - Throw Icicle          Conj/Ice       ######..     1%          4    None
j - Summon Butterflies    Summ           ###.....     1%          1    None
k - Freezing Cloud        Conj/Ice/Air   ######....   1%          6    #####..


Dungeon Overview and Level Annotations

Branches:
Dungeon (15/15)            Temple (1/1) D:6            Lair (7/8) D:8
 Shoals (1/4) Lair:3        Snake (0/4) Lair:4          Orc (4/4) D:10
    Elf (2/3) Orc:4        Vaults (0/5) D:13
  Slime: Lair:6-8    Depths: D:15

Altars:
Ashenzari
Cheibriados
Dithmenos
Elyvilon
Fedhas
Gozag
Kikubaaqudgha
Makhleb
Nemelex Xobeh
Okawaru
Qazlal
Ru
Sif Muna
Trog
Vehumet
Xom
Yredelemnul
Zin
The Shining One
Beogh

Shops:
D:4 (   D:14 *   Orc:4 (:%:

Annotations:
D:10 Vex's ghost, novice MiFi
Elf:1 2 exclusions, Agnes
Elf:2 exclusion: upstairs


Innate Abilities, Weirdness & Mutations

You cannot wear armour.
You are incapable of wielding weapons or throwing items.
((You have sharp claws.))
((You have razor-sharp teeth.))
You have supernaturally acute eyesight.
You are carnivorous and can eat meat at any time.
((You cover ground quickly.))
((Your thick and shaggy fur keeps you warm (AC +3, rC+).))
You have a slow metabolism.
((Your sharp claws are effective at attacking unaware monsters.))
((Your flesh is heat resistant.))
You are somewhat resistant to further mutation.


Message History

The manticore bites you but does no damage.
The manticore claws you but does no damage. x2
You hit the manticore but do no damage.
The manticore is severely wounded.
The manticore bites you but does no damage.
The manticore claws you but does no damage. x2
You hit the manticore.
The manticore is severely wounded.
The manticore bites you but does no damage.
The manticore claws you but does no damage. x2
You smack the manticore!
The manticore is severely wounded.
The manticore bites you but does no damage.
The manticore claws you.
* * * LOW HITPOINT WARNING * * *
The manticore completely misses you.
You hit the manticore.
The manticore is almost dead.
The manticore bites you!
You die...

≈ ≈≈≈ ≈≈≈≈ ≈≈≈ ≈ ≈
≈≈ ≈≈≈≈≈ .. ≈ ≈≈ ≈
≈ ..≈≈≈ ,, ., ,≈ ≈
≈≈ ...≈≈,{ ,,.# ,≈
≈ * ≈ ,...≈≈ .###
, ≈ ≈ , ≈ ......
....#. ≈≈ ≈≈ ≈ ≈
≈≈≈≈...#*#...... ≈
≈ ≈
≈≈≈....$.#.....#%,
≈≈ ≈ ≈
≈≈≈....)♣.......
≈≈ * ≈
≈≈≈...#H.......≈ ≈
≈ ≈≈≈≈.≈≈..
#.....≈.. ≈ ≈ ≈
≈≈≈≈ ≈≈≈.,
##....≈≈≈≈ ≈ ≈ ≈
≈≈≈≈≈≈≈ ,
.....≈≈≈≈ ≈ ≈≈≈ ,
,......≈≈ ≈≈ ≈ ≈
≈≈ ≈≈ ,#.....≈≈
≈≈≈≈ ≈ ≈≈ , ,
...≈≈≈ ≈ ≈ * ≈ ≈ ≈
≈≈ ≈


You could see a manticore.

Vanquished Creatures
  Gastronok (D:9)
  Kirke (D:13)
  A deep elf annihilator (Elf:1)
  An ettin (Orc:3)
  A fire dragon (Lair:6)
  2 vault guards
  8 hydras
  7 centaur warriors
  4 ogre magi
  An orc high priest (Orc:2)
  Urug (D:11)
  9 deep elf knights (Elf:1)
  3 wizards (D:13)
  2 unseen horrors (D:14)
  2 deep trolls (Orc:4)
  7 hill giants
  A wolf spider (D:14)
  6 deep elf summoners
  2 griffons
  14 deep elf conjurers
  5 cyclopes
  An orc sorcerer (Orc:4)
  17 ugly things
  4 manticores
  8 black mambas
  A siren (Lair:3)
  8 elephants
  2 centaur zombies
  2 gargoyles
  13 spiny frogs
  7 centaur skeletons
  A kobold demonologist (D:14)
  8 komodo dragons
  A komodo dragon (shapeshifter) (Elf:1)
  3 yaktaurs
  3 deep elf priests (Elf:1)
  A wind drake (Shoals:1)
  A tengu conjurer (D:13)
  A merfolk (Shoals:1)
  15 trolls
  15 blink frogs
  11 slime creatures
  A trapdoor spider zombie (D:13)
  A snapping turtle (shapeshifter) (D:11)
  8 two-headed ogres
  13 deep elf magi
  Sigmund (D:5)
  A water elemental (D:14)
  A wraith (D:14)
  2 shadows
  19 humans
  A trapdoor spider (D:11)
  6 wyverns
  5 basilisks
  66 yaks
  2 hungry ghosts
  3 vampire mosquitoes (D:14)
  4 hogs (D:13)
  Grum (D:8)
  4 hippogriffs
  35 wolves
  A hog (shapeshifter) (D:12)
  A mottled dragon (D:12)
  11 deep elf fighters
  Edmund (D:5)
  10 swamp worms (Lair:2)
  2 wasps
  10 porcupines
  A soldier ant (D:13)
  5 wargs
  10 water moccasins
  3 sky beasts
  37 ogres
  3 ice beasts
  A black bear (D:11)
  17 orc warriors
  4 phantoms
  2 necrophages
  25 centaurs
  5 big kobolds
  21 giant frogs
  16 crocodiles
  A gnoll sergeant (D:5)
  2 wyvern skeletons
  A water moccasin zombie (D:9)
  9 scorpions
  5 killer bees
  2 electric eels (D:14)
  4 wights (D:13)
  4 crimson imps
  16 jellies
  40 orc priests
  A wasp zombie (D:11)
  3 giant frog skeletons
  A giant frog zombie (D:10)
  3 hell rats (D:8)
  13 iguanas
  29 orc wizards
  12 hounds
  17 worker ants
  5 sheep (Lair:6)
  A killer bee zombie (D:11)
  A hound zombie (D:7)
  3 hound skeletons
  2 worker ant zombies
  37 river rats
  7 gnolls
  13 adders
  5 shadow imps
  An ooze (D:5)
  2 adder skeletons
  An adder zombie (D:5)
  11 worms
  5 giant geckos
  218 orcs
  7 bats
  3 giant cockroaches
  8 hobgoblins
  8 jackals
  A giant cockroach zombie (D:6)
  9 giant newts
  6 goblins
  36 kobolds
  6 quokkas
  2 quokka skeletons
  28 rats
  6 plants
1157 creatures vanquished.

Vanquished Creatures (others)
  A yaktaur (Volcano)
  A human (D:13)
  37 fungi
  69 plants
108 creatures vanquished.

Grand Total: 1265 creatures vanquished

Notes
Turn   | Place    | Note
--------------------------------------------------------------
     0 | D:1      | Badjas the Felid Air Elementalist began the quest for the Orb.
     0 | D:1      | Reached XP level 1. HP: 7/7 MP: 4/4
   342 | D:1      | Reached skill level 3 in Air Magic
   362 | D:1      | Reached skill level 1 in Conjurations
   439 | D:1      | Reached XP level 2. HP: 11/11 MP: 4/6
  1204 | D:2      | Reached XP level 3. HP: 14/14 MP: 2/7
  1209 | D:2      | Learned a level 3 spell: Static Discharge
  1555 | D:2      | Found a basalt altar of Yredelemnul.
  1556 | D:2      | Found a shattered altar of Ashenzari.
  1584 | D:2      | Became a worshipper of Ashenzari the Shackled
  1750 | D:2      | Reached XP level 4. HP: 10/18 MP: 1/8
  2936 | D:3      | Reached XP level 5. HP: 5/21 MP: 0/10
  3410 | D:3      | Found a glowing golden altar of the Shining One.
  3966 | D:4      | Noticed an ogre
  4187 | D:4      | Found Zieduhuz's Weapon Shoppe.
  4362 | D:4      | Noticed an ogre
  4395 | D:4      | Killed an ogre
  4395 | D:4      | Reached skill level 4 in Stealth
  4395 | D:4      | Gained mutation: You are covered in thick fur (AC +2). [Felid growth]
  4395 | D:4      | Reached XP level 6. HP: 7/25 MP: 0/12
  4753 | D:4      | Reached skill level 1 in Fighting
  5131 | D:4      | Killed an ogre
  5291 | D:4      | Reached XP level 7. HP: 15/28 MP: 1/14
  5444 | D:5      | Entered Level 5 of the Dungeon
  5954 | D:5      | Learned a level 2 spell: Repel Missiles
  6087 | D:5      | Noticed Sigmund
  6856 | D:6      | Reached * piety under Ashenzari
  7144 | D:5      | Reached skill level 5 in Spellcasting
  7144 | D:5      | Reached skill level 5 in Air Magic
  7198 | D:5      | Gained mutation: Your flesh is heat resistant. [mutagenic meat]
  7199 | D:5      | Gained mutation: You are somewhat resistant to further mutation. [mutagenic meat]
  7390 | D:6      | Reached XP level 8. HP: 32/32 MP: 14/16
  7398 | D:6      | HP: 1/32 [orc priest/divine providence (11)]
  7399 | D:6      | Killed from afar by an orc priest
  7400 | D:6      | Reached XP level 7. HP: -13/28 MP: 9/15
  7858 | D:6      | Found a staircase to the Ecumenical Temple.
  7868 | Temple   | Entered the Ecumenical Temple
  8176 | D:6      | Found a shadowy altar of Dithmenos.
  8500 | D:7      | Noticed a hill giant
  8562 | D:7      | Killed a hill giant
  8562 | D:7      | Reached skill level 6 in Spellcasting
  8562 | D:7      | Reached skill level 5 in Conjurations
  8562 | D:7      | Reached XP level 8. HP: 32/32 MP: 10/18
  8569 | D:7      | Learned a level 5 spell: Lightning Bolt
  8572 | D:7      | Learned a level 2 spell: Swiftness
  8785 | D:7      | Found a bloodstained altar of Trog.
  9545 | D:8      | Noticed a manticore
  9979 | D:9      | Reached skill level 7 in Spellcasting
  9979 | D:9      | Reached XP level 9. HP: 30/35 MP: 15/20
 10105 | D:9      | Reached ** piety under Ashenzari
 10674 | D:9      | Noticed Gastronok
 10918 | D:9      | Found a stormy altar of Qazlal.
 10938 | D:9      | Noticed a merfolk
 11466 | D:10     | Entered Level 10 of the Dungeon
 11767 | D:10     | Learned a level 3 spell: Dazzling Spray
 12095 | D:10     | Found a staircase to the Orcish Mines.
 12129 | D:10     | Reached skill level 1 in Hexes
 12698 | D:10     | Noticed Vex's ghost (novice MiFi)
 12787 | D:11     | Noticed a cyclops
 12830 | D:10     | Learned a level 3 spell: Confuse
 12917 | D:10     | Reached skill level 8 in Spellcasting
 13404 | D:11     | Reached XP level 10. HP: 36/39 MP: 0/23
 13655 | D:11     | Noticed a centaur zombie
 13691 | D:11     | Killed a centaur zombie
 14337 | D:11     | Learned a level 3 spell: Mephitic Cloud
 14462 | D:11     | Reached skill level 5 in Hexes
 14663 | D:11     | Noticed a hill giant
 14785 | D:10     | Killed a hill giant
 14785 | D:10     | Reached skill level 9 in Spellcasting
 15104 | D:11     | Killed a cyclops
 15124 | D:11     | HP: 2/58 [poisoned by a trapdoor spider]
 15125 | D:11     | Succumbed to a trapdoor spider's poison
 15126 | D:11     | Reached XP level 9. HP: 0/52 MP: 3/23
 16012 | D:9      | Killed Gastronok
 16012 | D:9      | Reached XP level 10. HP: 39/39 MP: 0/24
 16692 | D:8      | Found a glowing silver altar of Zin.
 16884 | D:8      | Found a staircase to the Lair.
 17564 | D:8      | Noticed Grum
 17573 | D:8      | Killed Grum
 18456 | Lair:1   | Entered Level 1 of the Lair of Beasts
 18581 | Lair:1   | Found a dark tunnel.
 18621 | Lair:1   | Reached skill level 10 in Spellcasting
 18801 | Volcano  | Entered a volcano
 18851 | Volcano  | Noticed a centaur warrior
 18856 | Volcano  | Killed a centaur warrior
 18856 | Volcano  | Reached skill level 1 in Poison Magic
 18856 | Volcano  | Reached XP level 11. HP: 42/42 MP: 12/26
 19800 | Lair:1   | Noticed a five-headed hydra
 20369 | Lair:1   | Learned a level 4 spell: Throw Icicle
 21415 | Lair:2   | Found a labyrinth entrance.
 22466 | Lair:2   | Reached skill level 1 in Ice Magic
 22472 | Lair:2   | Reached skill level 11 in Spellcasting
 23399 | Lair:3   | Reached skill level 10 in Air Magic
 23691 | Lair:3   | Noticed a seven-headed hydra
 24329 | Lair:3   | Found a staircase to the Shoals.
 25175 | Lair:3   | Killed a seven-headed hydra
 25175 | Lair:3   | Gained mutation: Your thick and shaggy fur keeps you warm (AC +3, rC+). [Felid growth]
 25175 | Lair:3   | Reached XP level 12. HP: 48/48 MP: 7/28
 26230 | Lair:4   | Reached skill level 10 in Conjurations
 28299 | Lair:4   | Found a staircase to the Snake Pit.
 31032 | Lair:4   | Reached *** piety under Ashenzari
 31313 | Lair:5   | Noticed a four-headed hydra
 32376 | Lair:5   | Reached skill level 5 in Fighting
 32378 | Lair:5   | Reached skill level 12 in Spellcasting
 32537 | Lair:5   | Noticed a five-headed hydra
 32541 | Lair:5   | Killed a five-headed hydra
 32895 | Lair:5   | Reached XP level 13. HP: 54/54 MP: 19/30
 34978 | Lair:6   | Reached skill level 1 in Evocations
 36581 | Lair:5   | Killed a four-headed hydra
 37386 | Lair:6   | HP: 2/55 [fire dragon (17)]
 38120 | Lair:7   | Learned a level 1 spell: Summon Butterflies
 39869 | Lair:7   | Reached **** piety under Ashenzari
 41529 | D:5      | Killed Sigmund
 41529 | D:5      | Reached skill level 5 in Ice Magic
 41634 | D:5      | Noticed Edmund
 42178 | D:5      | Killed Edmund
 42510 | Orc:1    | Entered Level 1 of the Orcish Mines
 43075 | Orc:1    | Reached skill level 13 in Spellcasting
 43341 | Orc:1    | Learned a level 6 spell: Freezing Cloud
 45088 | Orc:2    | Reached XP level 14. HP: 53/60 MP: 25/32
 45573 | Orc:2    | Found a roughly hewn altar of Beogh.
 45774 | Orc:3    | Found a burning altar of Makhleb.
 46840 | Orc:4    | Entered Level 4 of the Orcish Mines
 47383 | Orc:4    | Found a staircase to the Elven Halls.
 49295 | Orc:4    | Found Ynup Xaph's Food Shop.
 49381 | Orc:4    | Found Vefeapta's Book Shop.
 49881 | Orc:4    | Found Tiurph's Book Shoppe.
 49885 | Orc:4    | Found Imotai's Antique Weapon Boutique.
 49906 | Orc:4    | Upgraded the game from 0.17.0-28-g6e173f8 to 0.17.0-56-gd8de76c
 49906 | Orc:4    | Bought a book of the Sky for 780 gold pieces
 50244 | Elf:1    | Entered Level 1 of the Elven Halls
 50754 | Elf:1    | Reached skill level 14 in Spellcasting
 53657 | Elf:1    | Identified the Catalogue of Attacks and the Snowflakes
 54039 | Elf:1    | Noticed Agnes
 54173 | Elf:2    | Reached ***** piety under Ashenzari
 54178 | Elf:2    | HP: 2/61 [deep elf mage/lance of force (17)]
 54193 | Elf:2    | Slain by a demonic crawler
 54194 | Elf:2    | Reached XP level 13. HP: -1/57 MP: 3/32
 54413 | Elf:2    | Reached XP level 14. HP: 56/61 MP: 20/33
 54769 | Elf:2    | Upgraded the game from 0.17.0-56-gd8de76c to 0.17.0-57-g0e89251
 55553 | D:11     | Noticed Urug
 55572 | D:11     | Killed Urug
 56358 | D:12     | Noticed a green ugly thing
 56762 | D:11     | Killed a green ugly thing
 57159 | D:12     | Noticed a manticore
 57164 | D:12     | Killed a manticore
 57255 | D:12     | Noticed an ogre mage
 57287 | D:12     | Killed an ogre mage
 57504 | D:12     | Noticed a green ugly thing
 57804 | D:11     | Killed a green ugly thing
 58030 | D:12     | Noticed a cyclops
 58034 | D:12     | Killed a cyclops
 58036 | D:12     | Noticed a green ugly thing
 58081 | D:11     | Killed a green ugly thing
 58774 | D:12     | Noticed a centaur skeleton
 58781 | D:12     | Killed a centaur skeleton
 59261 | D:11     | Noticed a storm dragon
 60030 | D:13     | Noticed Kirke
 60041 | D:13     | Mangled by a centaur warrior
 60042 | D:13     | Reached XP level 13. HP: -9/87 MP: 1/32
 60134 | D:13     | Reached skill level 15 in Spellcasting
 60420 | D:13     | Killed Kirke
 62092 | D:13     | Reached XP level 14. HP: 60/63 MP: 12/34
 63949 | D:13     | Found a gate to the Vaults.
 64534 | D:14     | Upgraded the game from 0.17.0-57-g0e89251 to 0.17.0-73-gb648821
 65146 | D:14     | Reached skill level 1 in Charms
 65330 | D:15     | Entered Level 15 of the Dungeon
 65480 | D:14     | Identified the ring of Morality {rC+ Str+10 Int-5 Stlth-} (You took it off a centaur on level 14 of the Dungeon)
 66324 | D:14     | Found Ewuewo's Assorted Antiques.
 66332 | D:14     | Bought a scroll of blinking for 217 gold pieces
 69570 | D:15     | Found a blossoming altar of Fedhas.
 69831 | D:9      | Killed a manticore
 70283 | Shoals:1 | Entered Level 1 of the Shoals
 70370 | Shoals:1 | HP: 4/96 [manticore (6)]
 70371 | Shoals:1 | Slain by a manticore

Action                   |  1- 3 |  4- 6 |  7- 9 | 10-12 | 13-15 || total
-------------------------+-------+-------+-------+-------+-------++-------
Melee: Unarmed           |    36 |    46 |    68 |     7 |   127 ||   284
 Cast: Shock             |    51 |   139 |   380 |   410 |   471 ||  1451
       Static Discharge  |     1 |    13 |    73 |   105 |   201 ||   393
       Repel Missiles    |       |       |     1 |       |     4 ||     5
       Dazzling Spray    |       |       |    16 |    54 |    49 ||   119
       Mephitic Cloud    |       |       |     1 |    90 |    22 ||   113
       Lightning Bolt    |       |       |       |   128 |   136 ||   264
       Confuse           |       |       |       |     3 |       ||     3
       Throw Icicle      |       |       |       |   122 |   956 ||  1078
       Freezing Cloud    |       |       |       |       |    29 ||    29
       Summon Butterflie |       |       |       |       |    12 ||    12
Invok: Scrying           |       |       |     1 |       |     2 ||     3
Evoke: Wand              |       |       |     1 |    11 |    12 ||    24
  Use: Scroll            |       |    15 |     9 |    14 |    16 ||    54
       Potion            |       |     2 |     4 |     5 |     8 ||    19
 Stab: Sleeping          |     9 |     1 |     6 |       |     3 ||    19
       Distracted        |       |       |     1 |       |       ||     1
       Invisible         |       |       |       |       |     1 ||     1
  Eat: Chunk             |     9 |     8 |    30 |    63 |   107 ||   217
